 Dungeon Crawl Stone Soup version 0.30-a0-845-g7c6808c8ce (webtiles) character file.

Game seed: 4303033344922208013

238 112233 the Magician (level 6, 0/32 HPs)
             Began as a Kobold Conjurer on Mar 2, 2023.
             Shot with an arrow by a centaur (11 damage)
             ... on level 5 of the Dungeon.
             The game lasted 00:02:50 (3119 turns).

112233 the Magician (Kobold Conjurer)               Turns: 3119, Time: 00:02:50

Health: 0/32       AC:  4    Str:  4    XL:     6   Next: 28%
Magic:  10/15      EV: 14    Int: 21    God:
Gold:   60         SH:  0    Dex: 14    Spells: 14/17 levels left

rFire   . . .      SeeInvis .    j - +0 dagger
rCold   . . .      Faith    .    (no shield)
rNeg    . . .      Spirit   .    a - +0 robe
rPois   .          Reflect  .    (no helmet)
rElec   .          Rampage  .    f - +0 cloak
rCorr   .                        y - +0 pair of gloves
Will    .....                    (no boots)
Stlth   +++                      (no amulet)
HPRegen 0.25/turn                (no ring)
MPRegen 0.14/turn                (no ring)

@: invisible
A: small, no large weapons, nightstalker 3
a: no special abilities


You were on level 5 of the Dungeon.
You visited 1 branch of the dungeon, and saw 5 of its levels.

You collected 60 gold pieces.

Inventory:

Hand Weapons
 j - a +0 dagger (weapon)
Armour
 a - a +0 robe (worn)
 f - a +0 cloak (worn)
 i - an orb of energy
 x - the +2 leather armour "Heanorgh" {Slay+5}
   (You found it on level 2 of the Dungeon)

   Slay:      It affects your accuracy & damage with ranged weapons and melee
   (+5).
 y - a +0 pair of gloves (worn)
Wands
 o - a wand of flame (23)
Scrolls
 d - a scroll of magic mapping {unknown}
 e - 3 scrolls of identify {unknown}
 g - 2 scrolls of teleportation {unknown}
 k - a scroll of blinking {unknown}
 m - 2 scrolls of vulnerability {unknown}
 q - a scroll of noise {unknown}
 r - 3 scrolls of poison {unknown}
 s - a scroll of silence {unknown}
 v - a scroll of fog {unknown}
 w - a scroll of fear {unknown}
Potions
 b - 2 potions of magic
 h - 3 potions of haste
 l - 2 potions of resistance {unknown}
 n - a potion of curing {unknown}
 p - a potion of might {unknown}
 t - a potion of degeneration {unknown}
 u - 2 potions of brilliance {unknown}


   Skills:
 - Level 2.4 Dodging
 - Level 2.7 Stealth
 + Level 6.2 Spellcasting
 - Level 4.0 Conjurations


You had 14 spell levels left.
You knew the following spells:

 Your Spells              Type           Power      Damage    Failure   Level
a - Magic Dart            Conj           92%        1d7       1%          1
b - Searing Ray           Conj           46%        2d6       2%          2

Your spell library contained the following spells:

 Spells                   Type           Power      Damage    Failure   Level
 Dazzling Flash           Conj/Hex       28%        N/A       13%         3
 Fulminant Prism          Conj/Hex       7%         3d7       38%         4
 Iskenderun's Mystic Bla  Conj/Tloc      14%        2d5       38%         4


Dungeon Overview and Level Annotations

Branches:
Dungeon (5/15)
 Temple: D:4-7

Altars:

Annotations:
D:5 exclusion: upstairs


Innate Abilities, Weirdness & Mutations

You are small and have problems with some larger weapons.
You are completely attuned to the shadows.


Message History

Casting: Searing Ray (safe; 2% risk of failure)
Confirm with . or Enter, or press ? or * to list all spells.
Aiming: Magic Dart (safe; 1% risk of failure)
Press: ? - help, Shift-Dir - straight line, f - iguana
Aim: an iguana (wandering, hasn't noticed you, 100% to hit)
The magic dart hits the iguana but does no damage.
The iguana hisses angrily.
Casting: Magic Dart (safe; 1% risk of failure)
Confirm with . or Enter, or press ? or * to list all spells.
Aiming: Searing Ray (safe; 2% risk of failure)
Press: ? - help, Shift-Dir - straight line, f/p - iguana
Aim: an iguana (81% to hit)
The searing ray hits the iguana!
The iguana is heavily wounded. (Press . to maintain the ray.) Unknown command.
The searing ray hits the iguana!
The iguana is almost dead.
The iguana closely misses you.
Unknown command.
The searing ray hits the iguana but does no damage.
The iguana is almost dead.
The iguana barely misses you.
Unknown command.
The searing ray hits the iguana.
You kill the iguana!
You finish channelling your searing ray.
Unknown command.
A centaur comes into view. It is wielding a +0 flail.
A centaur is nearby!
A centaur is nearby!
The centaur shouts!
The centaur unwields a +0 flail.
The centaur wields a +0 shortbow.
The centaur shoots an arrow.
The arrow hits you!
The centaur shoots an arrow.
The arrow hits you!
You are too injured to fight recklessly!
It was a potion of invisibility.
You fade into invisibility!
The centaur shoots an arrow.
The arrow hits you!
You die...

..⌠.⌠.# ...^c.#
.o........#
..........#
.......†@.#
.......#.##
....<.##.#
......##.#
#.##..##.# ..
#l##..##.# ...
##.#...#..#
...##..#.#.#.##
#...).##.#...#


You could see a centaur (unable to see you).

Vanquished Creatures
  A sky beast (D:5)
  An iguana (D:5)
  2 orc wizards (D:5)
  An adder (D:2)
  A shadow imp (D:5)
  2 dart slugs
  3 orcs
  2 bats (D:1)
  4 endoplasms
  6 hobgoblins
  A quokka (D:3)
  6 ball pythons
  4 frilled lizards
  4 goblins
  6 kobolds
  6 rats
50 creatures vanquished.

Notes
Turn   | Place    | Note
-------+----------+-------------------------------------------
     0 | D:1      | 112233 the Kobold Conjurer began the quest for the Orb.
     0 | D:1      | Reached XP level 1. HP: 10/10 MP: 3/3
   198 | D:1      | Reached XP level 2. HP: 15/15 MP: 3/5
   285 | D:1      | Learned a level 2 spell: Searing Ray
   551 | D:1      | Reached skill level 3 in Spellcasting
   897 | D:1      | Found a faded altar of an unknown god.
  1005 | D:1      | Reached XP level 3. HP: 19/19 MP: 5/7
  1440 | D:2      | Identified the +2 leather armour "Heanorgh" {Slay+5}
  1706 | D:2      | Reached skill level 4 in Spellcasting
  1991 | D:3      | Reached XP level 4. HP: 24/24 MP: 8/10
  2824 | D:4      | Noticed an ogre
  2825 | D:4      | Noticed an ogre
  2827 | D:5      | Entered Level 5 of the Dungeon
  2860 | D:5      | Reached skill level 5 in Spellcasting
  2860 | D:5      | Reached XP level 5. HP: 22/28 MP: 3/12
  2979 | D:5      | Noticed a sky beast
  2988 | D:5      | Killed a sky beast
  2989 | D:5      | Reached skill level 6 in Spellcasting
  2989 | D:5      | Reached XP level 6. HP: 32/32 MP: 0/15
  3119 | D:5      | Shot with an arrow by a centaur

Illustrated notes

Levels and vault maps discovered:
D:1:      dpeg_arrival_arbitrary_a, layout_loops_ring,
          ebering_ecumenical_altar_ruins, minmay_tiny_reverse_x
D:2:      layout_rooms
D:3:      layout_basic, minmay_diced_spiral
D:4:      layout_basic, general_overflow_altar, uniq_crazy_yiuf_cottage
D:5:      layout_rooms, nemelex_xobeh_ov_fountains_minmay,
          minmay_temple_entry_statues_fountains, serial_shops, shop_fountains,
          nrook_loot_triangle, minmay_strange_pillars,
          chequers_serial_rivers_small_b

Skill      XL: |  1  2  3  4  5 |
---------------+----------------+-----
Spellcasting   | 3 4 5 6 |  6.2
Dodging        | |  2.4
Stealth        | |  2.7
Conjurations   | |  4.0

Action                     |  1- 3 |  4- 6 || total
---------------------------+-------+-------++-------
  Melee: Unarmed           |     5 |       ||     5
         Punch             |     1 |       ||     1
         Dagger            |       |     4 ||     4
   Cast: Magic Dart        |    59 |    22 ||    81
         Searing Ray       |       |     6 ||     6
    Use: Potion            |       |     4 ||     4
 Armour: Robe              |     2 |     4 ||     6
  Dodge: Dodged            |     3 |     9 ||    12

Table legend: (Time is in decaauts)
 A = Elapsed time spent in this place.
 B = Non-inter-level travel time spent in this place.
 C = Inter-level travel time spent in this place.
 D = Time resting spent in this place.
 E = Time spent auto-exploring this place.
 F = Levels seen in this place.
 G = Mean time per level.
                   A        B        C        D        E       F      G
               +--------+--------+--------+--------+--------+-----+--------+
         Total |   3098 |   2844 |    254 |     42 |   2546 |   5 |  619.6 |
       Dungeon |   3098 |   2844 |    254 |     42 |   2546 |   5 |  619.6 |
               +--------+--------+--------+--------+--------+-----+--------+

Top non-repeatable levels by time:
     D:1: 1153 daAuts
     D:3: 864 daAuts
     D:2: 785 daAuts
     D:5: 271 daAuts
     D:4: 23 daAuts
